 Dungeon Crawl Stone Soup version 0.29.1-2-gbd0b4ee654 (webtiles) character file.

Game seed: 6031819971871397442

133 GorkyZ the Trooper (level 4, -9/36 HPs)
             Began as a Demonspawn Fighter on Nov 19, 2022.
             Mangled by an ogre
             ... wielding a +0 giant club
              (10 damage)
             ... on level 4 of the Dungeon.
             The game lasted 00:10:28 (3225 turns).

GorkyZ the Trooper (Demonspawn Fighter)             Turns: 3225, Time: 00:10:29

Health: -9/36      AC: 10    Str: 18    XL:     4   Next: 94%
Magic:  4/4        EV: 10    Int:  9    God:
Gold:   248        SH:  4    Dex: 13    Spells: 3/3 levels left

rFire   . . .      SeeInvis .   a - +0 flail
rCold   . . .      Faith    .   c - +0 buckler
rNeg    . . .      Spirit   .   q - +1 ring mail {rPois}
rPois   +          Reflect  .   (no helmet)
rElec   .          Harm     .   (no cloak)
rCorr   .          Rampage  .   (no gloves)
Will    .....                   r - +0 pair of boots
Stlth   +.........              (no amulet)
HPRegen 0.12/turn               (no ring)
MPRegen 0.09/turn               (no ring)

@: no status effects
A: molten scales 2
a: no special abilities


You were on level 4 of the Dungeon.
You visited 1 branch of the dungeon, and saw 4 of its levels.

You collected 304 gold pieces.
You spent 56 gold pieces at shops.

Inventory:

Hand Weapons
 a - a +0 flail (weapon)
Missiles
 t - 3 boomerangs (quivered)
Armour
 b - a +0 scale mail
 c - a +0 buckler (worn)
 m - an orb of light
 q - a +1 ring mail of poison resistance (worn)
 r - a +0 pair of boots (worn)
Scrolls
 e - a scroll of immolation {unknown}
 g - 2 scrolls of amnesia {unknown}
 k - a scroll of butterflies {unknown}
 n - a scroll of blinking {unknown}
 o - a scroll of noise {unknown}
 p - 4 scrolls of enchant weapon {unknown}
 s - a scroll of silence {unknown}
Potions
 d - a potion of might
 f - 2 potions of heal wounds
 h - a potion of invisibility
 i - 2 potions of brilliance
 j - 2 potions of attraction
 l - a potion of haste
 u - 2 potions of lignification {unknown}


   Skills:
 + Level 3.6 Fighting
 + Level 2.6 Maces & Flails
 + Level 1.5 Throwing
 + Level 3.3 Armour
 + Level 3.3 Shields


You had 3 spell levels left.
You didn't know any spells.
Your spell library was empty.

Dungeon Overview and Level Annotations

Branches:
Dungeon (4/15)
 Temple: D:4-7

Altars:
Hepliaklqana
Sif Muna

Shops:
D:1 =(*=?   D:3 [!?


Innate Abilities, Weirdness & Mutations

You are mostly covered in molten scales. (AC +3)


Message History

You kill the orc priest!
The orc priest begins to cast a cantrip, but forgets the words!
You barely miss the kobold. The kobold hits you with a +0 dagger.
You hit the kobold.
The kobold is severely wounded.
The kobold hits you with a +0 dagger. The kobold hits you but does no damage.
You barely miss the kobold.
The kobold is heavily wounded.
The kobold hits you but does no damage.
You hit the kobold.
The kobold is severely wounded.
You block the kobold's attack.
You hit the kobold.
You kill the kobold!
You barely miss the orc. The orc hits you but does no damage.
The orc priest looks satisfied for a moment.
The orc hits you but does no damage.
You barely miss the orc. The orc barely misses you.
You closely miss the orc.
A giant cockroach comes into view.
You block the orc's attack.
You thump the orc!
You kill the orc!
You sock the orc priest!
The orc priest is severely wounded.
The orc priest closely misses you. The orc priest misses you.
An ogre comes into view. It is wielding a +0 giant club.
You barely miss the orc priest.
The orc priest is severely wounded.
The orc priest invokes the aid of Beogh against you.
Beogh smites you!
* * * LOW HITPOINT WARNING * * *
You thump the orc priest!
You kill the orc priest!
You barely miss the goblin. The goblin hits you with a +0 dagger.
* * * LOW HITPOINT WARNING * * *
You block the ogre's attack. The goblin hits you but does no damage.
You closely miss the goblin. The goblin hits you but does no damage.
The ogre hits you with a +0 giant club!
You die...

#..... ...####
#............#
#.....#.<....#
#............#
#. #..........
... #........
.... #......#
...##
#......###.)....
##....Bg@O.[...#
#####<##..#...#
#.# ..# # #.#
..# ... $.. ###
..#. ..#.# #.# #


You could see an ogre, a giant cockroach and a goblin.

Vanquished Creatures
  2 orc priests (D:4)
  An adder (D:3)
  A shadow imp (D:4)
  2 worms
  A dart slug (D:3)
  3 orcs (D:4)
  A ball python (D:3)
  6 endoplasms
  4 giant cockroaches
  A goblin (D:1)
  3 hobgoblins
  3 jackals (D:2)
  6 kobolds
  3 quokkas (D:1)
  A bat (D:1)
  6 frilled lizards
  2 rats
46 creatures vanquished.

Notes
Turn   | Place    | Note
-------+----------+-------------------------------------------
     0 | D:1      | GorkyZ the Demonspawn Fighter began the quest for the Orb.
     0 | D:1      | Reached XP level 1. HP: 18/18 MP: 1/1
   128 | D:1      | Found Qoadeoq's Jewellery Shop.
   189 | D:1      | Gained mutation: You are partially covered in molten
                  | scales. (AC +2) [demonic ancestry]
   189 | D:1      | Reached XP level 2. HP: 6/24 MP: 2/2
   497 | D:1      | Found Tiugoj's Antique Weapon Emporium.
   503 | D:1      | Found Tinax's Magic Scroll Boutique.
   524 | D:1      | Bought a scroll of identify for 28 gold pieces
   524 | D:1      | Bought a scroll of identify for 28 gold pieces
   711 | D:1      | Found Fasal's Assorted Antiques.
   717 | D:1      | Found Moituk's Jewellery Emporium.
  1720 | D:2      | Gained mutation: You are mostly covered in molten scales.
                  | (AC +3) [demonic ancestry]
  1720 | D:2      | Reached XP level 3. HP: 25/29 MP: 3/3
  1863 | D:3      | Found a shimmering blue altar of Sif Muna.
  2161 | D:3      | Found Ami Ruri's Distillery.
  2168 | D:3      | Reached skill level 1 in Throwing
  2214 | D:3      | Found Fergho Mouh's Magic Scroll Boutique.
  2276 | D:3      | Found a faded altar of an unknown god.
  2507 | D:3      | Found Qaiveot's Antique Armour Emporium.
  2769 | D:3      | Found a hazy altar of Hepliaklqana.
  3197 | D:4      | Reached XP level 4. HP: 30/35 MP: 4/4
  3221 | D:4      | Noticed an ogre
  3224 | D:4      | HP: 1/36 [goblin/+0 dagger (1)]
  3225 | D:4      | Mangled by an ogre

Illustrated notes

Levels and vault maps discovered:
D:1:      dpeg_arrival_simpleton_a, layout_basic, serial_shops, shop,
          nicolae_diamond_shop, shop, shop_fountains, shop
D:2:      layout_basic
D:3:      layout_loops_cross, pf_just_have_faith, led_sif_book, serial_shops,
          nicolae_square_shop, shop_statue, nicolae_shop_stone,
          basic_ecumenical_altar
D:4:      layout_basic, mainiacjoe_overflow_big_doors,
          mainiacjoe_overflow_alcove_2, grunt_ministairs_1

Skill      XL: |  1  2  3 |
---------------+----------+-----
Maces & Flails | 2 |  2.6
Armour         | 3 |  3.3
Shields        | 3 |  3.3
Throwing       | 1 |  1.5
Fighting       | |  3.6

Action                   |  1- 3 |  4- 6 || total
-------------------------+-------+-------++-------
Melee: Flail             |   139 |    25 ||   164
  Use: Scroll            |     5 |       ||     5
Armor: Scale mail        |    42 |       ||    42
       Ring mail         |    20 |    17 ||    37
Dodge: Dodged            |    74 |    13 ||    87
Block: Buckler           |    23 |     9 ||    32
